 Dungeon Crawl Stone Soup version 0.27-a0-1186-g8b4daa1eef (webtiles) character file.

Game seed: 5381120115173611291

9365 wakim the Grappler (level 11, -15/75 HPs)
             Began as an Octopode Transmuter on May 19, 2021.
             Was an Elder of Yredelemnul.
             Killed from afar by a raiju (18 damage)
             ... with a living lightning
             ... on level 1 of the Abyss.
             The game lasted 00:52:31 (14644 turns).

wakim the Grappler (Octopode Transmuter)           Turns: 14644, Time: 00:52:31

Health: -15/75     AC:  9    Str: 19    XL:     11   Next: 45%
Magic:  15/15      EV: 17    Int: 19    God:    Yredelemnul [****..]
Gold:   1678       SH:  0    Dex: 15    Spells: 7/16 levels left

rFire    + . .     SeeInvis .     - Unarmed
rCold    . . .     Faith    .   (no shield)
rNeg     + . .     Spirit   .   (helmet restricted)
rPois    +         Reflect  .   e - amulet of magic regeneration
rElec    .         Harm     .   b - +4 ring of protection
rCorr    .         Rampage  .   f - ring of willpower
Will     ++...                  g - +4 ring of protection
Stlth    +++.......             a - ring of protection from fire
HPRegen  0.00/turn              h - ring of willpower
MPRegen  0.39/turn              k - ring of poison resistance
                                i - ring of positive energy
                                d - ring of the Sneaky Mouths {Str+6 Int+3 Dex+3}

@: about to teleport, diseased
A: almost no armour, amphibious, 8 rings, camouflage 1, gelatinous body 1,
(nimble swimmer 1), tentacles
a: Renounce Religion, Recall Undead Slaves, Injury Mirror, Animate Dead, Drain
Life


You were on level 1 of the Abyss.
You worshipped Yredelemnul.
Yredelemnul was greatly pleased with you.
You visited 3 branches of the dungeon, and saw 13 of its levels.
You visited the Abyss 1 time.
You also visited: Sewer.

You collected 1678 gold pieces.

Inventory:

Missiles
 c - a curare-tipped dart {=f}
Armour
 m - a +0 buckler
Jewellery
 a - a ring of protection from fire (on tentacle)
 b - a +4 ring of protection (left tentacle)
 d - the ring of the Sneaky Mouths (on tentacle) {Str+6 Int+3 Dex+3}
   (You acquired it on level 8 of the Dungeon)

   [ring of strength]

   It affects your strength (+6).
   It affects your intelligence (+3).
   It affects your dexterity (+3).
 e - an amulet of magic regeneration (around mantle)
 f - a ring of willpower (right tentacle)
 g - a +4 ring of protection (on tentacle)
 h - a ring of willpower (on tentacle)
 i - a ring of positive energy (on tentacle)
 k - a ring of poison resistance (on tentacle)
Wands
 x - a wand of iceblast (15)
 y - a wand of paralysis (14)
Scrolls
 j - 2 scrolls of enchant weapon
 l - a scroll of amnesia {unknown}
 r - a scroll of identify
 R - a scroll of magic mapping {!r}
 T - 5 scrolls of teleportation
 Y - 2 scrolls of blinking {!r}
Potions
 A - 2 potions of ambrosia
 C - a potion of berserk rage {!q}
 D - 2 potions of brilliance
 F - 8 potions of curing
 G - 4 potions of flight
 H - 2 potions of haste
 I - 2 potions of invisibility
 J - 6 potions of heal wounds
 N - a potion of might


   Skills:
 + Level 7.4 Fighting
 + Level 8.3 Dodging
 - Level 3.0 Stealth
 * Level 2.0 Shields
 * Level 10.9 Unarmed Combat
 - Level 3.0 Spellcasting
 - Level 8.0 Transmutations
 * Level 2.2 Invocations


You had 7 spell levels left.
You knew the following spells:

 Your Spells              Type           Power      Damage    Failure   Level
a - Beastly Appendage     Tmut           66%        N/A       1%          1
b - Hydra Form            Tmut           16%        N/A       16%         5
x - Spider Form           Tmut/Pois      9%         N/A       9%          3

Your spell library contained the following spells:

 Spells                   Type           Power      Damage    Failure   Level
 Wereblood                Tmut           33%        N/A       1%          2
 Sting                    Tmut/Pois      72%        1d6       3%          1
 Summon Small Mammal      Summ           8%         N/A       16%         1
 Ignite Poison            Fire/Tmut/Pois 12%        N/A       16%         3
 Call Imp                 Summ           2%         N/A       22%         2
 Poisonous Vapours        Pois/Air       4%         N/A       22%         2
 Ice Form                 Ice/Tmut       18%        N/A       28%         4
 Call Canine Familiar     Summ           2%         N/A       41%         3
 Mephitic Cloud           Conj/Pois/Air  2%         N/A       41%         3
 Summon Guardian Golem    Hex/Summ       2%         N/A       41%         3
 Olgreb's Toxic Radiance  Pois           2%         N/A       83%         4
 Summon Ice Beast         Ice/Summ       2%         N/A       83%         4
 Summon Lightning Spire   Summ/Air       2%         N/A       83%         4


Dungeon Overview and Level Annotations

Branches:
Dungeon (11/15)            Temple (1/1) D:4            Lair (1/6) D:9
  Sewer (visited)
    Orc: D:9-12

Altars:
Ashenzari
Cheibriados
Dithmenos
Elyvilon
Fedhas
Gozag
Hepliaklqana
Kikubaaqudgha
Makhleb
Nemelex Xobeh
Okawaru
Qazlal
Ru
Sif Muna
Trog
Uskayaw
Vehumet
Wu Jian
Xom
Yredelemnul
Zin
The Shining One

Shops:
D:4 :   D:7 *(   D:10 *

Annotations:
D:9 2 transporters, Psyche


Innate Abilities, Weirdness & Mutations

You cannot wear most types of armour.
You are amphibious.
You can wear up to eight rings at the same time.
Your skin changes colour to match your surroundings (Stealth+).
Your rubbery body absorbs attacks. (AC +1, EV +1)
((You are camouflaged near water. (Stealth+)))
You have tentacles for arms and can constrict up to eight enemies at once.


Message History

* * * LOW HITPOINT WARNING * * *
The raiju blinks!
You feel much better.
You feel ill. The raiju bites you.
* * * LOW HITPOINT WARNING * * *
The raiju shocks you!
* * * LOW HITPOINT WARNING * * *
The raiju misses you. The raiju closely misses you.
The raiju bursts into living lightning!
The living lightning hits you!
* * * LOW HITPOINT WARNING * * *
The raiju blinks!
A small abomination comes into view.
The raiju bursts into living lightning!
The living lightning hits you.
* * * LOW HITPOINT WARNING * * *
The raiju blinks!
The raiju bursts into living lightning!
The living lightning misses you.
The raiju blinks!
You feel much better.
The raiju bursts into living lightning!
The living lightning hits you!
* * * LOW HITPOINT WARNING * * *
The living lightning hits the raiju.
The raiju completely resists.
The living lightning hits the raiju.
The raiju completely resists.
The living lightning misses you.
The raiju blinks! x3
The raiju bites you but does no damage.
The raiju bursts into living lightning!
The living lightning hits you!
* * * LOW HITPOINT WARNING * * *
The raiju blinks!
The raiju bursts into living lightning!
The living lightning hits you.
* * * LOW HITPOINT WARNING * * *
The living lightning hits you!
* * * LOW HITPOINT WARNING * * *
The raiju blinks!
The raiju bursts into living lightning!
The living lightning hits you!!
You die...
Your body rises from the dead as a mindless zombie.

.###. ##
...###...###. ..#..
.. ....#... .#..
..#.#..##.........[..
#.#x##..............
.. #...h..#..... ....
....#......#...# ...
# .........hh.R.###
..## ...#@h§#....#.
...#.
..#..##....Rx......
#.§..##.......... .
#..#.#....h.........
§.#.#........#. ..#
.## .##..#...###.. ##
#. .#.#.#.....# .# .
. # ###..)...........
. ## #......... . .


You could see a rakshasa, 4 raiju and a small abomination.

Vanquished Creatures
  A soul eater (Abyss:1)
  3 smoke demons (Abyss:1)
  A kobold demonologist (D:10)
  A komodo dragon (D:11)
  A troll (D:10)
  4 slime creatures (D:10)
  5 yaks (D:9)
  A wyvern (D:10)
  2 steam dragons
  3 orc warriors
  4 sky beasts
  2 black bears (D:9)
  3 ice beasts
  3 ogres (D:4)
  2 centaurs
  A phantom (D:4)
  4 kobold brigands
  3 bullfrogs
  A wyvern zombie (D:6)
  3 scorpions
  8 killer bees
  A small abomination (Abyss:1)
  3 wights (D:7)
  An electric eel (D:10)
  2 howler monkeys (D:9)
  A bullfrog zombie (D:6)
  A centaur zombie (D:7)
  2 jellies
  4 hounds
  Crazy Yiuf (D:5)
  An orc priest (D:10)
  An iron imp (Abyss:1)
  2 centaur skeletons
  An iguana (D:6)
  5 orc wizards
  A hound skeleton (D:4)
  2 gnolls
  5 adders
  6 river rats
  A shadow imp (D:6)
  2 ufetubi
  2 worms
  A dart slug (D:2)
  15 orcs
  7 bats
  12 endoplasms
  2 giant cockroaches (D:2)
  5 goblins
  6 hobgoblins
  38 kobolds
  4 quokkas
  10 ball pythons
  2 frilled lizards
  26 rats
229 creatures vanquished.

Vanquished Creatures (collateral kills)
  A two-headed ogre (D:7)
  Prince Ribbit (D:8)
  A slime creature (D:10)
  A wyvern (D:9)
  2 yaks (D:9)
  A small abomination (Abyss:1)
  A black bear (D:9)
  3 centaurs
  2 kobold brigands
  A bullfrog (D:9)
  A scorpion (D:7)
  A gnoll sergeant (D:7)
  6 killer bees
  3 wights (D:8)
  A howler monkey (D:9)
  A howler monkey zombie (D:9)
  4 gnolls (D:7)
  An orc (D:8)
  5 kobolds
37 creatures vanquished.

Vanquished Creatures (others)
  7 flying skulls
  A yak (D:9)
  15 fungi (D:9)
  16 plants (D:9)
39 creatures vanquished.

Grand Total: 305 creatures vanquished

Notes
Turn   | Place    | Note
-------+----------+-------------------------------------------
     0 | D:1      | wakim the Octopode Transmuter began the quest for the Orb.
     0 | D:1      | Reached XP level 1. HP: 13/13 MP: 3/3
   249 | D:1      | Reached XP level 2. HP: 5/18 MP: 3/5
   598 | D:1      | Reached XP level 3. HP: 14/23 MP: 4/6
  1104 | D:1      | Found a faded altar of an unknown god.
  1109 | D:1      | Learned a level 3 spell: Spider Form
  1915 | D:2      | Reached XP level 4. HP: 28/28 MP: 7/7
  2520 | D:3      | Found a sparkling altar of Nemelex Xobeh.
  2611 | D:3      | Noticed an ice beast
  2699 | D:3      | Found an opulent altar of Gozag.
  2901 | D:3      | Found a basalt altar of Yredelemnul.
  2918 | D:3      | Became a worshipper of Yredelemnul the Dark
  3030 | D:4      | Found Kykuff's Book Shop.
  3060 | D:4      | Reached skill level 1 in Stealth
  3060 | D:4      | Reached skill level 4 in Unarmed Combat
  3060 | D:4      | Reached XP level 5. HP: 23/34 MP: 8/8
  3290 | D:4      | Noticed an ogre
  3312 | D:4      | Killed an ogre
  3313 | D:4      | Reached XP level 6. HP: 21/39 MP: 6/9
  3917 | D:4      | Found a staircase to the Ecumenical Temple.
  4010 | Temple   | Entered the Ecumenical Temple
  4397 | D:4      | Reached XP level 7. HP: 26/45 MP: 10/10
  4542 | D:4      | Reached skill level 5 in Unarmed Combat
  4618 | D:5      | Entered Level 5 of the Dungeon
  4749 | D:5      | Found a glowing drain.
  4783 | Sewer    | Entered a sewer
  4819 | Sewer    | Reached * piety under Yredelemnul
  5028 | Sewer    | Reached skill level 5 in Dodging
  5188 | Sewer    | Reached ** piety under Yredelemnul
  5217 | Sewer    | Reached XP level 8. HP: 35/52 MP: 11/11
  5702 | D:5      | Reached skill level 6 in Unarmed Combat
  5841 | D:5      | Found a runed translucent door.
  5842 | D:5      | Noticed Crazy Yiuf
  5856 | D:5      | Killed Crazy Yiuf
  6100 | D:5      | Found a sacrificial altar of Ru.
  6633 | D:6      | Found a white marble altar of Elyvilon.
  6651 | D:6      | Reached skill level 5 in Transmutations
  7375 | D:6      | Reached skill level 7 in Unarmed Combat
  7375 | D:6      | Reached XP level 9. HP: 22/59 MP: 12/12
  7729 | D:6      | Reached *** piety under Yredelemnul
  8257 | D:7      | Found a broken altar of Ashenzari.
  8265 | D:7      | Received a gift from Yredelemnul (5 flying skulls)
  8347 | D:7      | Found a shimmering altar of Xom.
  8487 | D:7      | Reached skill level 5 in Fighting
  8783 | D:7      | Found Barchih's Antique Weapon Shoppe.
  8948 | D:7      | Reached skill level 8 in Unarmed Combat
  9083 | D:7      | Noticed a two-headed ogre
  9084 | D:7      | Found Kyjups's General Store.
  9672 | D:7      | Killed a two-headed ogre
  9740 | D:7      | Noticed an angel
  9741 | D:7      | Found a glowing silver altar of Zin.
  9800 | D:8      | Reached XP level 10. HP: 68/68 MP: 11/14
  9806 | D:8      | Reached skill level 9 in Unarmed Combat
  9836 | D:8      | Identified 2 scrolls of acquirement
  9836 | D:8      | Acquired 1202 gold pieces
 10064 | D:8      | Received a gift from Yredelemnul (3 flying skulls)
 10075 | D:8      | Learned a level 5 spell: Hydra Form
 10214 | D:8      | Noticed Prince Ribbit
 10225 | D:8      | Killed Prince Ribbit
 10500 | D:8      | Found a blossoming altar of Fedhas.
 10563 | D:8      | Acquired the ring of the Sneaky Mouths {Str+6 Int+3 Dex+3}
 10611 | D:9      | Found a staircase to the Lair.
 10641 | D:9      | Found a hazy altar of Hepliaklqana.
 10643 | D:9      | Noticed a cyclops
 10646 | D:9      | Found a transporter.
 10699 | D:9      | Noticed a cyclops
 10724 | D:9      | Found a transporter.
 10847 | D:9      | Noticed Psyche
 11242 | D:9      | Reached **** piety under Yredelemnul
 11294 | D:9      | Found a snail-covered altar of Cheibriados.
 11297 | D:9      | Found a burning altar of Makhleb.
 11481 | D:10     | Entered Level 10 of the Dungeon
 11669 | D:10     | Found a radiant altar of Vehumet.
 11705 | D:10     | Noticed a kobold demonologist
 11721 | D:10     | Killed a kobold demonologist
 11722 | D:10     | Reached skill level 10 in Unarmed Combat
 12310 | D:10     | Reached XP level 11. HP: 35/74 MP: 15/15
 12961 | D:10     | Found Vatil's Assorted Antiques.
 14278 | Lair:1   | Entered Level 1 of the Lair of Beasts
 14363 | D:9      | Cast into level 1 of the Abyss (Psyche)
 14438 | Abyss:1  | Reached skill level 1 in Shields
 14438 | Abyss:1  | Reached skill level 1 in Invocations
 14456 | Abyss:1  | Noticed a thrashing horror
 14550 | Abyss:1  | Found a corrupted altar of Lugonu.
 14559 | Abyss:1  | Noticed a worldbinder
 14585 | Abyss:1  | Noticed a soul eater
 14610 | Abyss:1  | Killed a soul eater
 14631 | Abyss:1  | Noticed a rakshasa
 14644 | Abyss:1  | HP: 3/75 [raiju/living lightning (8)]
 14644 | Abyss:1  | Killed from afar by a raiju

Illustrated notes

Levels and vault maps discovered:
D:1:      dpeg_arrival_houses_and_road, layout_basic,
          hellmonk_ecumenical_altar_prayer_group, minmay_tromino_i4
D:2:      layout_basic
D:3:      layout_rooms, lemuel_round_altar, old_standard_altar,
          lemuel_crystal_altar
D:4:      layout_loops_ring, temple_green, serial_shops, shop,
          kennysheep_generic_room_3
D:5:      layout_rooms, kennysheep_little_box, cheibrodos_sewer_entry_sluice,
          serial_bayou_pond_e, eino_small_chamber_without_monster,
          minmay_misc_feat_columns, uniq_crazy_yiuf_cottage
D:6:      minmay_inner_zag, layout_rooms, elyvilon_altar_3, grunt_ministairs_14,
          hex_tiny
D:7:      layout_layer_cave, old_standard_altar, zin_angel,
          lemuel_coloured_pillars_altar, serial_shops, nicolae_shop_crystal,
          kennysheep_windowed_goal
D:8:      layout_cave_pools, fedhas_altar_1, uniq_prince_ribbit1
D:9:      layout_roguey, gammafunk_temple_overflow_arena,
          nicolae_overflow_hidden_temple, grunt_lair_entry_orc_guard_hut,
          uniq_psyche
D:10:     layout_basic, vehumet_crystals, serial_shops, kennysheep_mini,
          kennysheep_dice
D:11:     layout_big_octagon, orc_0_dummy
Temple:   compressed_dpeg_triangle_lava_temple
Lair:1:   layout_cave_pods, grunt_megastairs_5
Abyss:1:  base:
D:5

Skill      XL: |  1  2  3  4  5  6  7  8  9 10 11 |
---------------+----------------------------------+-----
Dodging        | 3 4 5 6 7 8 |  8.3
Stealth        | 1 2 3 |  3.0
Unarmed Combat | 4 5 7 8 10 | 10.9
Fighting       | 2 3 4 5 6 7 |  7.4
Transmutations | 3 4 5 6 7 8 |  8.0
Spellcasting   | 3 |  3.0
Shields        | 2 |  2.0
Invocations    | 2 |  2.2

Action                   |  1- 3 |  4- 6 |  7- 9 | 10-12 || total
-------------------------+-------+-------+-------+-------++-------
Melee: Unarmed           |    85 |   100 |   343 |   208 ||   736
       Kick              |     9 |    12 |    26 |       ||    47
       Constrict         |    23 |     7 |    35 |     2 ||    67
       Tentacles         |    14 |     8 |    37 |     1 ||    60
       Punch             |       |     2 |    12 |     1 ||    15
 Cast: Beastly Appendage |    10 |     6 |    20 |     2 ||    38
       Spider Form       |     1 |     6 |    23 |    29 ||    59
       Hydra Form        |       |       |       |     1 ||     1
Invok: Recall Undead Sla |       |       |     1 |     1 ||     2
  Use: Scroll            |     5 |     5 |     5 |     8 ||    23
       Potion            |       |       |     2 |     3 ||     5
 Stab: Sleeping          |     8 |     9 |     8 |     2 ||    27
       Distracted        |       |     1 |     1 |       ||     2
Armor: Skin              |    16 |    20 |   121 |    40 ||   197
Dodge: Dodged            |    40 |    59 |   324 |   226 ||   649

Table legend: (Time is in decaauts)
 A = Elapsed time spent in this place.
 B = Non-inter-level travel time spent in this place.
 C = Inter-level travel time spent in this place.
 D = Time resting spent in this place.
 E = Time spent auto-exploring this place.
 F = Levels seen in this place.
 G = Mean time per level.
                   A        B        C        D        E       F      G
               +--------+--------+--------+--------+--------+-----+--------+
         Total |  14559 |  13825 |    734 |    976 |  10266 |  15 |  970.6 |
       Dungeon |  13252 |  12528 |    724 |    902 |   9529 |  11 | 1204.7 |
        Temple |    283 |    273 |     10 |      0 |    270 |   1 |  283.0 |
          Lair |      4 |      4 |      0 |      0 |      0 |   1 |    4.0 |
         Abyss |    273 |    273 |      0 |     74 |     43 |   1 |  273.0 |
         Sewer |    745 |    745 |      0 |      0 |    424 |   1 |  745.0 |
               +--------+--------+--------+--------+--------+-----+--------+

Top non-repeatable levels by time:
    D:10: 2516 daAuts
     D:7: 1779 daAuts
     D:4: 1539 daAuts
     D:1: 1414 daAuts
     D:6: 1303 daAuts
     D:8: 1029 daAuts
     D:2: 1006 daAuts
     D:9: 970 daAuts
     D:5: 951 daAuts
   Sewer: 745 daAuts
     D:3: 702 daAuts
  Temple: 283 daAuts
 Abyss:1: 273 daAuts
    D:11: 38 daAuts
  Lair:1: 4 daAuts
